 Dungeon Crawl Stone Soup version 0.22-a0-247-gbddf880 (webtiles) character file.

319 tsouns the Skirmisher (level 6, -10/45 HPs)
             Began as an Octopode Fighter on Feb 27, 2018.
             Was a Priest of Uskayaw.
             Mangled by an orc warrior
             ... wielding a +0 long sword
              (23 damage)
             ... on level 4 of the Dungeon.
             The game lasted 00:08:12 (3047 turns).

tsouns the Skirmisher (Octopode Fighter)            Turns: 3047, Time: 00:08:12

Health: -10/45     AC:  3    Str: 16    XL:     6   Next: 46%
Magic:  6/6        EV: 11    Int: 12    God:    Uskayaw [***...]
Gold:   96         SH: 10    Dex: 11    Spells: 5/5 levels left

rFire    . . .     SeeInvis .   a - +2 war axe
rCold    . . .     Gourm    .   b - +2 shield
rNeg     . . .     Faith    .   i - +2 hat
rPois    .         Spirit   .   k - amulet of rage
rElec    .         Reflect  .   q - ring of wizardry
rCorr    .         Harm     .   (no ring)
MR       .....                  (no ring)
Stlth    ++........             (no ring)
HPRegen  0.15/turn              (no ring)
MPRegen  0.10/turn              (no ring)
                                (no ring)
                                (no ring)

@: no status effects
A: almost no armour, stealthy swim, amphibious, 8 rings, constrict 8, camouflage
1, gelatinous body 1
a: Stomp, Line Pass, Renounce Religion, Evoke Berserk Rage


You were on level 4 of the Dungeon.
You worshipped Uskayaw.
Uskayaw was noncommittal.
You were not hungry.

You visited 1 branch of the dungeon, and saw 4 of its levels.

You collected 96 gold pieces.

Inventory:

Hand Weapons
 a - a +2 war axe (weapon)
Missiles
 f - 182 stones (quivered)
 p - 17 sling bullets
 r - a throwing net
Armour
 b - a +2 shield (worn)
 i - a +2 hat (worn)
Jewellery
 k - an amulet of rage (around mantle)
 o - an uncursed amulet of regeneration {unknown}
 q - a ring of wizardry (left tentacle)
Scrolls
 e - a scroll of fog
 j - 2 scrolls of noise
 l - a scroll of teleportation
 n - a scroll of amnesia
Potions
 c - a potion of might
 g - a potion of mutation {unknown}
 h - 3 potions of curing
 m - a potion of invisibility {unknown}
Comestibles
 d - 5 rations


   Skills:
 + Level 5.2 Fighting
 + Level 4.9 Axes
 + Level 3.0 Dodging
 + Level 0.6 Stealth
 + Level 3.0 Shields


You had 5 spell levels left.
You didn't know any spells.

Dungeon Overview and Level Annotations

Branches:
Dungeon (4/15)
 Temple: D:4-7

Altars:
Cheibriados
Elyvilon
Gozag
Nemelex Xobeh
Qazlal
Ru
Uskayaw
Yredelemnul

Shops:
D:4 [


Innate Abilities, Weirdness & Mutations

You cannot wear most types of armour.
You are very stealthy in the water. (Stealth+)
You are amphibious.
You can wear up to eight rings at the same time.
You can use your tentacles to constrict eight enemies at once.
Your skin changes colour to match your surroundings (Stealth+).
Your rubbery body absorbs attacks. (AC +1, EV +1)


Message History

You squeeze the orc wizard.
The orc wizard is lightly wounded.
You closely miss the orc warrior. You block the orc warrior's attack.
The orc wizard gestures at you while chanting.
The magic dart hits you!
* * * LOW HITPOINT WARNING * * *
Uskayaw will force your foes to helplessly watch your dance.
Uskayaw prepares the audience for your solo!
Okay, then.
Unknown command.
The helpless orc warrior fails to defend itself.
You hit the orc warrior. You grab the orc warrior.
The orc warrior is lightly wounded.
The helpless orc wizard fails to defend itself.
You hit the orc wizard but do no damage.
You constrict the orc warrior.
The orc warrior is no longer paralysed.
The orc wizard is no longer paralysed.
The orc warrior hits you with a long sword!!
Ouch! That really hurt!
You die...

#...#... .........
#...#... .........
####...#...
........#####...#...#...
........#..>....#...#...
........#.......#...#...
........#..##...#...#...
......o)#..##...#...#...
......o@#.......#...#...
........'.......+...#...
?.......#####..##.###...
......... #..##.#....#
........< #.....'....#
.......... #.....#....+
.......... +.....#....#
........... ####.......#
....... ...######


You could see an orc warrior and an orc wizard.

Vanquished Creatures
  An orc wizard (D:4)
  3 worker ants (D:4)
  10 gnolls
  4 adders
  An adder skeleton (D:4)
  4 worms
  3 dart slugs
  4 orcs
  7 bats
  4 giant cockroaches
  3 goblins
  3 hobgoblins (D:3)
  14 jackals
  5 quokkas
  2 ball pythons (D:2)
  2 frilled lizards
  4 kobolds
  4 rats
  A plant (D:3)
79 creatures vanquished.

Notes
Turn   | Place    | Note
-------+----------+-------------------------------------------
     0 | D:1      | tsouns the Octopode Fighter began the quest for the Orb.
     0 | D:1      | Reached XP level 1. HP: 16/16 MP: 1/1
   222 | D:1      | Reached XP level 2. HP: 21/21 MP: 2/2
   541 | D:2      | Found a white marble altar of Elyvilon.
   590 | D:2      | Reached XP level 3. HP: 23/26 MP: 3/3
   809 | D:2      | Found a faded altar of an unknown god.
   828 | D:2      | Reached skill level 4 in Fighting
   828 | D:2      | Reached XP level 4. HP: 28/33 MP: 4/4
  1583 | D:2      | Reached XP level 5. HP: 38/38 MP: 5/5
  1772 | D:3      | Found a basalt altar of Yredelemnul.
  1780 | D:3      | Found a stormy altar of Qazlal.
  1818 | D:3      | Found a sacrificial altar of Ru.
  2272 | D:3      | Found a sparkling altar of Nemelex Xobeh.
  2341 | D:3      | Found a snail-covered altar of Cheibriados.
  2406 | D:3      | Found a hide-covered altar of Uskayaw.
  2540 | D:3      | Became a worshipper of Uskayaw the Reveler
  2587 | D:4      | Reached * piety under Uskayaw
  2588 | D:4      | Reached skill level 5 in Fighting
  2588 | D:4      | Reached XP level 6. HP: 43/45 MP: 6/6
  2590 | D:4      | Reached ** piety under Uskayaw
  2821 | D:4      | Found Omoaf's Antique Armour Shop.
  2827 | D:4      | Found an opulent altar of Gozag.
  3035 | D:4      | Noticed an orc warrior
  3046 | D:4      | Reached *** piety under Uskayaw
  3047 | D:4      | Mangled by an orc warrior

Vault maps used:
D:1:      lemuel_arrival_lava_pool
D:2:      old_standard_altar, chequers_ecumenical_altar_simple
D:3:      cheibriados_altar_1, eat_drink_and_be_merry_uskayaw,
          gammafunk_temple_overflow_forgotten, first_ration,
          nemelex_spade_bored_becter
D:4:      nicolae_gozag_seed_capital, serial_shops, nicolae_shop_crystal

Skill      XL: |  1  2  3  4  5 |
---------------+----------------+-----
Axes           | 3 4 |  4.9
Fighting       | 4 5 |  5.2
Dodging        | |  3.0
Stealth        | |  0.6
Shields        | |  3.0

Action                   |  1- 3 |  4- 6 || total
-------------------------+-------+-------++-------
Melee: War axe           |    43 |   131 ||   174
       Constrict         |    11 |    42 ||    53
       Tentacles         |     5 |    26 ||    31
Throw: Stone             |     2 |    14 ||    16
  Use: Scroll            |       |    11 ||    11
 Stab: Sleeping          |     3 |     6 ||     9
       Paralysed         |       |     2 ||     2
  Eat: Chunk             |       |     7 ||     7
Armor: Skin              |     6 |    24 ||    30
Dodge: Dodged            |    19 |    55 ||    74
Block: Shield            |    24 |    54 ||    78

Table legend:
 A = Spawn XP
 B = Non-spawn XP
 C = Spawn XP percentage of total XP
 D = Spawn monster count
 E = Non-spawn monster count
 F = Spawn count percentage of total count
 G = Total turns spent on level
                    A         B        C        D         E        F      G
               +---------+---------+-------+---------+---------+-------+---------
         Total |       0 |     457 |   0.0 |       0 |      78 |   0.0 |  3047
               +---------+---------+-------+---------+---------+-------+---------
           D:1 |       0 |      17 |   0.0 |       0 |       9 |   0.0 |   722
           D:2 |       0 |     152 |   0.0 |       0 |      23 |   0.0 |  1050
           D:3 |       0 |     133 |   0.0 |       0 |      35 |   0.0 |   808
           D:4 |       0 |     155 |   0.0 |       0 |      11 |   0.0 |   467
               +---------+---------+-------+---------+---------+-------+---------
